Map: [ESL] Dragon Scales

Players

Firefly - Winner!

  • Race: Protoss Protoss
  • Spawn Location: 5:00

Oriana

  • Race: Terran Terran
  • Spawn Location: 11:00

Event: ESL SC2 Masters 2023 Summer (Regionals)

VOD

Have the link to the VOD?

Description

Time

  • Played on: May 14, 2023, 7:52 a.m.
  • Length: 18:42

All games in this series

Show
View Real Time Build Order
Export as new Build Order

Firefly Protoss - Winner!

Build Orders: 1 Gate Expand, Blink Stalkers 

Get SALT Encoding   

  12  0:00  Probe  
  13  0:12  Probe  
  14  0:17  Pylon  
  14  0:24  Probe  
  15  0:35  Gateway  
  15  0:37  Probe (Chrono Boost)  
  16  0:47  Probe (Chrono Boost), Assimilator  
  17  0:52  Probe (Chrono Boost)  
  18  1:04  Probe  
  19  1:16  Probe  
  20  1:24  Nexus  
  20  1:36  Cybernetics Core  
  20  1:37  Probe  
  21  1:44  Assimilator  
  21  1:49  Pylon  
  21  1:55  Probe  
  22  2:09  Probe, Adept (Chrono Boost)  
  22  2:13  Warp Gate  
  25  2:21  Probe  
  26  2:26  Twilight Council  
  26  2:33  Probe  
  26  2:34  Stalker  
  29  2:40  Probe  
  30  2:49  Probe  
  31  2:52  Probe  
  31  2:54  Gateway  
  31  2:57  Blink (Chrono Boost)  
  32  3:04  Probe  
  32  3:05  Probe  
  36  3:16  Probe  
  36  3:18  Probe, Shield Battery  
  36  3:23  Stalker  
  38  3:28  Probe  
  38  3:31  Probe  
  38  3:33  Gateway  
  40  3:41  Gateway  
  40  3:52  Probe, Gateway  
  40  3:53  Pylon  
  40  3:55  Probe  
  42  4:00  Sentry  
  42  4:02  Pylon  
  44  4:05  Probe  
  43  4:19  Stalker  
  43  4:21  Gateway  
  43  4:22  Probe x2  
  47  4:28  Stalker  
  49  4:35  Stalker  
  49  4:36  Stalker  
  54  4:43  Pylon  
  54  4:44  Shield Battery  
  53  4:53  Stalker x2  
  53  4:55  Stalker  
  59  5:01  Stalker x2  
  59  5:04  Probe  
  59  5:24  Stalker x2  
  55  5:46  Zealot x3  
  59  5:54  Zealot x3  
  55  6:04  Probe  
  44  6:07  Stalker  
  44  6:09  Zealot x2  
  48  6:16  Zealot  
  50  6:20  Stalker  
  52  6:26  Probe (Chrono Boost), Shield Battery  
  52  6:28  Probe (Chrono Boost)  
  54  6:38  Probe (Chrono Boost)  
  54  6:39  Probe (Chrono Boost)  
  55  6:42  Adept  
  55  6:45  Probe  
  55  6:49  Probe  
  56  6:57  Probe, Robotics Facility  
  56  7:01  Probe  
  56  7:07  Stalker  
  58  7:09  Stalker  
  59  7:15  Nexus  
  59  7:22  Probe x2  
  61  7:26  Forge  
  61  7:32  Sentry  
  61  7:35  Probe x2 (Chrono Boost)  
  61  7:36  Assimilator  
  65  7:43  Phoenix  
  65  7:47  Probe x2 (Chrono Boost)  
  65  7:48  Pylon  
  65  7:52  Probe x2 (Chrono Boost)  
  65  7:56  Protoss Ground Weapons Level 1 (Chrono Boost)  
  68  7:59  Charge (Chrono Boost)  
  68  8:01  Probe x2 (Chrono Boost)  
  69  8:09  Gateway  
  69  8:10  Gateway  
  69  8:12  Probe (Chrono Boost)  
  70  8:15  Probe (Chrono Boost)  
  71  8:25  Probe x2  
  71  8:27  Zealot x5, Sentry  
  71  8:33  Shield Battery  
  83  8:35  Pylon  
  83  8:47  Probe x2  
  83  8:48  Probe  
  86  8:50  Observer  
  86  8:51  Pylon  
  86  8:53  Shield Battery  
  87  8:55  Zealot x2, Shield Battery  
  87  8:56  Zealot  
  87  8:58  Sentry  
  87  9:00  Zealot  
  95  9:10  Zealot x2  
  95  9:11  Zealot  
  101  9:17  Zealot x2, Sentry  
  101  9:22  Pylon  
  107  9:25  Pylon  
  107  9:37  Zealot  
  109  9:41  Immortal, Zealot x2  
  115  9:48  Zealot x3  
  115  9:49  Zealot  
  123  9:52  Zealot  
  123  9:56  Protoss Ground Weapons Level 2 (Chrono Boost)  
  125  10:02  Pylon x2  
  123  10:18  Zealot  
  123  10:20  Immortal, Pylon  
  129  10:21  Zealot  
  129  10:22  Pylon, Zealot x2  
  129  10:24  Pylon  
  129  10:25  Zealot x2  
  129  10:26  Pylon  
  121  10:46  Zealot x8  
  61  11:07  Stalker x5  
  69  11:17  Shield Battery  
  69  11:18  Observer  
  58  11:31  Stalker x5  
  45  11:53  Pylon  
  39  11:56  Stalker x3  
  39  11:57  Stalker  
  47  12:11  Zealot  
  46  12:23  Zealot x3  
  46  12:29  Probe x2  
  53  12:30  Probe  
  53  12:33  Zealot  
  55  12:44  Zealot x2  
  55  12:47  Probe x2 (Chrono Boost)  
  55  12:50  Probe (Chrono Boost)  
  62  12:52  Sentry  
  62  12:54  Observer  
  62  12:57  Probe (Chrono Boost)  
  66  12:58  Probe (Chrono Boost)  
  66  13:00  Probe (Chrono Boost)  
  67  13:08  Sentry x3  
  71  13:23  Shield Battery  
  69  13:40  Zealot  
  69  13:41  Stalker x2  
  73  13:43  Pylon  
  73  13:44  Gateway  
  69  13:49  Protoss Ground Armor Level 1  
  69  13:54  Immortal  
  71  13:56  Shield Battery  
  71  14:09  Zealot x4  
  79  14:13  Observer  
  77  14:29  Stalker x3  
  77  14:30  Zealot  
  85  14:39  Observer  
  85  14:41  Zealot  
  87  14:54  Zealot x2  
  87  14:55  Zealot x2  
  73  15:20  Stalker x4  
  79  15:26  Zealot  
  81  15:46  Probe (Chrono Boost)  
  82  15:50  Nexus  
  82  15:51  Probe (Chrono Boost)  
  83  16:00  Probe x2 (Chrono Boost)  
  83  16:08  Probe x2 (Chrono Boost)  
  82  16:19  Probe (Chrono Boost)  
  82  16:20  Probe (Chrono Boost)  
  82  16:29  Probe x2 (Chrono Boost), Pylon  
  84  16:37  Oracle  
  81  16:48  Zealot x4  
  76  17:07  Probe x2 (Chrono Boost)  
  76  17:08  Probe (Chrono Boost)  
  79  17:12  Observer  
  80  17:19  Probe x2 (Chrono Boost), Pylon  
  80  17:21  Probe (Chrono Boost)  
  83  17:27  Probe (Chrono Boost)  
  84  17:40  Sentry x3  
  84  17:41  Stalker x2  
  94  17:49  Immortal  
  84  18:06  Stalker x2  
  84  18:07  Zealot, Stalker x2  
  94  18:14  Probe x2  
  90  18:32  Zealot x4  
  90  18:33  Zealot  
Show
View Real Time Build Order
Export as new Build Order

Oriana Terran 

Build Orders: 1/1/1, Banshee Rush 

Get SALT Encoding   

  12  0:00  SCV  
  13  0:12  SCV  
  14  0:17  Supply Depot  
  14  0:24  SCV  
  15  0:38  SCV  
  15  0:39  Barracks  
  15  0:42  Refinery  
  16  0:50  SCV  
  16  0:52  Refinery  
  17  1:02  SCV  
  18  1:14  SCV  
  19  1:27  Orbital Command, Reaper  
  19  1:30  Supply Depot  
  20  1:43  Factory  
  21  1:54  SCV  
  21  2:04  Barracks Reactor  
  21  2:06  SCV  
  22  2:18  Command Center  
  22  2:20  SCV  
  23  2:28  Starport  
  23  2:32  Widow Mine  
  23  2:35  SCV  
  26  2:39  Supply Depot  
  26  2:44  Marine x2  
  26  2:50  SCV  
  29  2:53  Widow Mine  
  31  3:02  SCV  
  31  3:03  Marine  
  31  3:04  Marine  
  34  3:07  Medivac  
  36  3:17  Factory Tech Lab  
  36  3:19  SCV  
  37  3:21  Marine x2  
  39  3:34  SCV  
  40  3:42  Marine x2  
  40  3:43  Factory Tech Lab  
  40  3:45  Cloaking Field, Banshee  
  40  3:48  SCV  
  46  3:54  Orbital Command, Supply Depot  
  46  4:03  Marine  
  46  4:04  Marine  
  46  4:08  Siege Tank  
  51  4:11  SCV  
  52  4:19  Supply Depot  
  52  4:22  SCV, Marine  
  52  4:23  SCV  
  55  4:24  Marine  
  56  4:34  SCV  
  56  4:36  Banshee  
  56  4:37  SCV  
  61  4:38  Barracks  
  61  4:43  Marine x2  
  63  4:46  SCV  
  63  4:52  Siege Tank  
  66  4:54  SCV  
  66  4:55  Supply Depot  
  66  4:58  SCV  
  68  5:05  Marine x2  
  70  5:07  Barracks  
  70  5:10  SCV x2  
  70  5:18  Supply Depot  
  68  5:22  Refinery  
  68  5:23  Marine x2  
  68  5:24  Engineering Bay  
  64  5:29  Siege Tank  
  64  5:35  SCV x2  
  63  5:37  Marine  
  54  5:50  Marine x2  
  51  5:59  Marine, SCV  
  51  6:00  SCV  
  50  6:09  Stimpack  
  50  6:10  Marine x2  
  49  6:15  SCV x2  
  49  6:17  Marine  
  52  6:20  Siege Tank  
  55  6:25  Bunker  
  55  6:27  SCV x2  
  55  6:28  Marine  
  55  6:29  Marine  
  59  6:38  Marine  
  59  6:39  Marine  
  59  6:41  SCV  
  59  6:42  SCV  
  59  6:46  Engineering Bay  
  60  6:47  Marine x2  
  60  6:52  Starport Reactor  
  60  6:53  SCV  
  60  6:54  SCV  
  63  7:03  Marine  
  63  7:06  Marine x2  
  63  7:10  SCV x2  
  63  7:13  Terran Infantry Weapons Level 1  
  65  7:16  Supply Depot  
  65  7:18  Marine  
  65  7:22  Marine  
  64  7:25  Marine x2  
  66  7:30  Medivac x2  
  66  7:31  SCV x2  
  66  7:32  Factory Reactor  
  66  7:35  Refinery  
  72  7:37  Marauder  
  72  7:39  Supply Depot  
  72  7:42  Marauder  
  76  7:45  SCV x2  
  77  7:52  Marine x2  
  77  7:56  Concussive Shells  
  77  7:58  SCV x2  
  81  8:01  Marauder  
  81  8:02  Supply Depot  
  85  8:06  Marauder  
  85  8:12  SCV x2  
  87  8:15  Marine x2  
  83  8:29  Medivac x2  
  83  8:30  Marine  
  83  8:31  Barracks Tech Lab  
  88  8:38  SCV, Combat Shield, Supply Depot  
  88  8:39  SCV  
  90  8:42  Marine x2  
  90  8:48  Widow Mine x2  
  86  8:53  SCV x2  
  86  8:54  Marauder x2  
  92  9:02  Marine x2  
  92  9:03  Barracks  
  92  9:06  Barracks  
  90  9:14  Widow Mine x2, Medivac  
  90  9:15  Medivac  
  98  9:18  SCV x2  
  98  9:19  Supply Depot  
  98  9:20  Marauder  
  98  9:23  Marauder  
  104  9:24  Marine  
  104  9:25  Marine  
  104  9:31  SCV x2  
  108  9:38  Widow Mine x2  
  110  9:48  Marine x2, Marauder  
  110  9:49  Marauder  
  111  9:57  Marine x2  
  113  10:05  Marine  
  113  10:06  Marine  
  115  10:12  Marine x2  
  119  10:14  Widow Mine x2, Marine  
  119  10:15  SCV x2  
  122  10:29  Marine x3  
  122  10:30  Marine  
  119  10:45  Marine  
  119  10:46  Marine  
  119  10:47  Widow Mine x2, Marine  
  102  10:53  Marine x3  
  91  11:03  Marine x2  
  86  11:05  Marine, Medivac x2  
  86  11:11  Marine x3  
  89  11:12  SCV x2  
  93  11:21  Marine  
  87  11:30  Marine  
  87  11:31  Marine x3  
  86  11:38  Marine  
  86  11:39  Widow Mine x2  
  88  11:46  Marine, Medivac  
  77  11:56  Marine x3  
  77  11:58  Marauder  
  78  12:05  Marine  
  78  12:06  Marine  
  73  12:11  Widow Mine  
  73  12:13  Marine  
  74  12:18  Marine x3  
  73  12:27  SCV x2  
  73  12:28  Marauder  
  73  12:29  Marine  
  71  12:31  Marine  
  67  12:37  Widow Mine x2  
  67  12:44  Marine  
  67  12:45  Marauder  
  67  12:48  Marine  
  67  12:49  Marine  
  72  12:54  Marauder  
  72  12:55  Marine  
  75  12:59  Medivac  
  75  13:10  Marine x3  
  75  13:12  Marauder  
  80  13:21  Marine  
  80  13:22  Marauder  
  80  13:24  Widow Mine x2  
  87  13:35  Marine x2  
  87  13:36  Marine  
  83  13:42  SCV x2  
  83  13:48  Marine x2  
  80  13:49  Marauder  
  82  13:57  Marine x3  
  85  14:03  SCV x2  
  85  14:08  Liberator x2  
  91  14:11  Marine  
  87  14:19  Marine x2  
  82  14:26  Marauder  
  82  14:30  Marine  
  82  14:31  Marine  
  84  14:35  Marauder  
  86  14:40  Marine x2  
  86  14:45  Widow Mine  
  90  14:59  Marine x4  
  84  15:00  Marine  
  78  15:13  Marine  
  65  15:16  Widow Mine  
  65  15:17  Marine x2  
  65  15:30  SCV x2  
  65  15:33  Widow Mine  
  71  15:45  Medivac  
  71  15:46  Medivac  
  75  15:55  Marine x2  
  77  16:01  Marauder x2  
  76  16:16  Marine x4  
  76  16:17  Medivac  
  82  16:21  Medivac  
  84  16:33  Marine  
  84  16:34  Marine  
  86  16:40  Marine  
  87  17:00  Marine x4  
  81  17:19  Marine  
  82  17:41  Marine  
  75  18:09  Marine x2  
Tags
 
Add a new tag
Caveats
  • Supply blocks, unpowered buildings, or Contaminate may cause inaccurate times.
  • Supply counts are checked every 10 seconds.